Map: Bel'Shir Vestige LE (Void)

Players

ROSTOVonDON

  • Race: Terran Terran
  • League: Master
  • Spawn Location: 5:00

Railgan - Winner!

  • Race: Terran Terran
  • League: Grandmaster
  • Spawn Location: 11:00

VOD

Have the link to the VOD?

Description

Time

  • Played on: March 4, 2017, 9:30 a.m.
  • Length: 16:59
Show
View Real Time Build Order
Export as new Build Order

ROSTOVonDON Terran 

Build Orders: 1/1/1, Cyclone Opening, MMM Bio 

Get SALT Encoding   

  12  0:01  SCV  
  13  0:13  SCV  
  14  0:17  Supply Depot  
  14  0:25  SCV  
  14  0:27  Refinery  
  15  0:39  SCV  
  16  0:47  Barracks  
  16  0:51  SCV  
  16  0:56  Refinery  
  17  1:03  SCV  
  18  1:15  SCV  
  19  1:33  Orbital Command  
  19  1:35  Factory  
  19  1:38  Reaper  
  20  1:57  Supply Depot  
  20  1:59  SCV  
  21  2:10  Reaper  
  22  2:16  SCV  
  22  2:21  Starport  
  22  2:22  Cyclone  
  26  2:28  SCV  
  27  2:53  SCV  
  27  2:54  Engineering Bay, Reaper  
  29  3:00  Cyclone  
  31  3:09  Supply Depot  
  31  3:13  Liberator  
  31  3:22  Supply Depot  
  31  3:23  Missile Turret  
  31  3:30  SCV  
  35  3:52  Factory Tech Lab  
  35  3:53  Barracks Reactor  
  35  3:55  SCV, Command Center  
  36  4:11  Missile Turret, SCV  
  36  4:12  Siege Tank  
  40  4:42  SCV  
  40  4:43  Marine x2  
  40  4:45  Viking  
  45  4:54  SCV  
  45  4:56  Missile Turret  
  46  5:00  Barracks  
  46  5:06  SCV  
  47  5:07  Siege Tank  
  47  5:08  Marine x2  
  47  5:11  Supply Depot  
  52  5:19  SCV  
  50  5:34  Orbital Command  
  50  5:36  SCV, Command Center  
  50  5:37  Marine  
  52  5:48  SCV  
  53  5:53  Viking  
  53  5:56  Marine x2  
  56  6:03  Missile Turret, Barracks Tech Lab  
  56  6:24  SCV  
  53  6:27  Stimpack  
  53  6:28  Marine x2, Marauder, Siege Tank  
  53  6:29  Viking  
  62  6:36  SCV x2  
  64  6:48  SCV  
  64  6:49  Orbital Command  
  65  6:56  Barracks  
  65  6:57  Barracks  
  65  7:00  Terran Infantry Weapons Level 1  
  65  7:01  SCV x2  
  67  7:11  Refinery x2  
  67  7:13  SCV x2  
  67  7:14  Starport Reactor  
  69  7:16  Marine x2  
  69  7:17  SCV  
  72  7:25  Supply Depot, SCV  
  72  7:29  SCV  
  74  7:35  Marine  
  74  7:36  Marine  
  78  7:37  Marauder  
  78  7:38  Siege Tank  
  81  7:55  SCV  
  81  8:00  Barracks Reactor, Barracks Tech Lab  
  81  8:03  Medivac x2, Barracks  
  81  8:04  Marine x2  
  86  8:06  Barracks  
  86  8:07  SCV  
  86  8:10  Siege Tank  
  89  8:13  Supply Depot  
  89  8:14  Supply Depot  
  89  8:20  Combat Shields  
  89  8:26  Engineering Bay  
  89  8:28  Concussive Shells  
  89  8:36  Medivac, Marauder x2  
  89  8:37  Medivac  
  89  8:38  Marine x2  
  89  8:39  Marine  
  100  8:42  Siege Tank  
  100  8:43  Supply Depot x2  
  100  8:46  Supply Depot  
  103  8:50  Supply Depot  
  102  8:58  Marauder  
  102  9:01  Barracks Tech Lab x2  
  104  9:03  Marine x2, Marauder  
  104  9:09  SCV  
  109  9:10  SCV x2  
  111  9:19  Marauder  
  111  9:21  SCV  
  110  9:37  Orbital Command  
  84  9:43  Marine x4, Marauder x2  
  84  9:44  Marauder x2  
  88  9:54  Terran Infantry Armor Level 1  
  88  10:00  Marine  
  88  10:01  Marine x3  
  88  10:05  Marauder x4  
  88  10:06  Siege Tank  
  103  10:18  Marine  
  103  10:20  Medivac, Refinery  
  106  10:22  Missile Turret, Refinery  
  106  10:23  Missile Turret  
  106  10:26  Marauder x2  
  106  10:28  Armory  
  110  10:34  Supply Depot  
  110  10:35  Supply Depot  
  110  10:37  Marine, Marauder  
  110  10:40  SCV x2  
  110  10:41  SCV  
  116  10:49  Marauder x2  
  120  10:52  SCV  
  120  10:53  SCV  
  120  10:55  Factory  
  122  11:01  Sensor Tower  
  122  11:02  Supply Depot  
  122  11:04  Supply Depot  
  110  11:18  Marine x3  
  98  11:19  Marauder x2  
  98  11:20  Medivac x2  
  106  11:38  Marine x3, Marauder x2  
  106  11:39  Factory Tech Lab  
  109  11:40  Marauder x2  
  109  11:43  Supply Depot  
  108  11:50  Medivac  
  108  11:53  Marine  
  106  11:55  Marine  
  106  11:56  Marine x2  
  106  11:59  Marauder x2  
  115  12:01  Marauder  
  115  12:09  Supply Depot  
  115  12:10  Supply Depot  
  117  12:15  Marauder  
  117  12:20  Siege Tank  
  117  12:21  Marauder x2  
  120  12:43  Marine  
  120  12:44  Marine x2, Marauder x3  
  126  12:50  Siege Tank  
  131  12:52  Siege Tank  
  134  12:59  Marauder  
  134  13:02  Marine x3  
  141  13:05  Marauder  
  141  13:06  Marauder  
  141  13:13  Marine, Marauder  
  141  13:15  SCV  
  145  13:20  Marauder  
  145  13:22  Siege Tank  
  145  13:24  Siege Tank  
  148  13:27  Marauder  
  130  13:49  Marine x2, Marauder  
  130  13:50  Marine x2, Marauder x3  
  130  13:53  Terran Infantry Weapons Level 2  
  134  14:10  Marine  
  134  14:11  Marine, Marauder x3  
  134  14:12  Marauder  
  113  14:24  Command Center  
  113  14:28  Marine  
  113  14:29  Marine x3  
  113  14:32  Marauder x3  
  113  14:37  Terran Infantry Armor Level 2  
  110  14:51  Marine x4  
  113  14:55  Medivac x2  
  117  15:19  Marine x2, Marauder  
  117  15:20  Marine x4, Marauder  
  113  15:25  Medivac  
  73  15:36  Missile Turret  
  73  15:37  Marine x3  
  73  15:38  Missile Turret, Marauder x2  
  80  15:45  Marine x3  
  73  16:10  Marauder x2  
  64  16:21  Marine x3, Marauder x2  
Show
View Real Time Build Order
Export as new Build Order

Railgan Terran - Winner!

Build Orders: 1/1/1, Cyclone Opening 

Get SALT Encoding   

  12  0:01  SCV  
  13  0:14  SCV  
  14  0:18  Supply Depot  
  14  0:26  SCV  
  15  0:32  Refinery  
  15  0:40  SCV  
  16  0:44  Barracks  
  16  0:52  SCV  
  17  0:57  Refinery  
  17  1:04  SCV  
  18  1:16  SCV  
  19  1:31  Orbital Command  
  19  1:33  Factory  
  19  1:42  Barracks Reactor  
  19  1:51  Supply Depot  
  19  1:56  SCV  
  20  2:08  SCV  
  21  2:20  SCV  
  21  2:22  Starport  
  22  2:24  Cyclone  
  22  2:25  Hellion  
  22  2:29  Supply Depot  
  27  2:32  SCV  
  28  2:41  Barracks Tech Lab  
  27  2:44  SCV  
  28  2:53  Cyclone  
  31  3:02  SCV  
  32  3:14  SCV  
  32  3:15  Raven  
  35  3:20  Supply Depot  
  35  3:25  Supply Depot  
  35  3:33  Command Center  
  35  3:40  Hellion  
  35  3:43  Hellion  
  35  3:48  SCV  
  38  3:58  Factory  
  38  4:00  SCV  
  39  4:02  Viking  
  41  4:12  SCV  
  41  4:17  Cyclone  
  45  4:19  Barracks Tech Lab  
  46  4:24  SCV  
  46  4:28  Engineering Bay  
  46  4:46  Orbital Command  
  46  4:50  Hellion x2  
  50  4:55  SCV  
  50  4:58  Starport  
  51  5:01  Siege Tank  
  54  5:07  SCV  
  55  5:22  Missile Turret  
  55  5:26  SCV  
  55  5:28  Orbital Command  
  56  5:32  Hellion x2  
  60  5:39  SCV  
  60  5:40  Starport Reactor  
  61  5:45  Missile Turret  
  61  5:47  Supply Depot x2  
  61  5:54  Armory  
  61  5:56  SCV  
  63  5:57  SCV  
  63  6:08  SCV  
  63  6:09  SCV  
  62  6:23  SCV x2  
  64  6:31  Siege Tank  
  64  6:32  Hellion x2, Viking  
  73  6:35  SCV  
  73  6:36  SCV  
  73  6:37  Refinery  
  73  6:39  Refinery  
  75  6:45  Terran Vehicle Weapons Level 1, Supply Depot  
  75  6:49  SCV  
  75  6:52  Missile Turret  
  75  6:54  Missile Turret  
  76  6:59  Missile Turret  
  76  7:00  SCV  
  76  7:01  Missile Turret, Raven  
  79  7:03  SCV  
  79  7:07  Hellion x2  
  84  7:12  SCV  
  84  7:15  SCV  
  86  7:18  Siege Tank  
  86  7:21  Supply Depot  
  86  7:22  Supply Depot  
  89  7:24  SCV  
  89  7:27  Viking  
  89  7:28  Viking  
  92  7:44  Command Center  
  92  7:55  Sensor Tower  
  92  7:58  Siege Tank  
  92  7:59  Hellion x2, Armory  
  92  8:00  SCV  
  100  8:07  Medivac  
  102  8:18  Viking  
  104  8:21  Hellion x2  
  104  8:26  Hi-Sec Auto Tracking  
  108  8:35  Missile Turret  
  108  8:40  Raven  
  110  8:46  Supply Depot  
  110  8:47  Supply Depot  
  110  8:49  Supply Depot  
  110  8:56  Hellion  
  110  9:00  SCV  
  113  9:05  Refinery  
  113  9:07  Siege Tank, Command Center  
  113  9:08  Hellion  
  118  9:14  Refinery  
  118  9:15  Terran Vehicle Weapons Level 2  
  118  9:17  Terran Vehicle And Ship Armor Level 1  
  118  9:19  Hellion  
  118  9:20  SCV  
  121  9:28  SCV  
  88  9:39  Siege Tank, Hellion  
  88  9:40  Hellion  
  95  9:50  Orbital Command  
  95  9:51  SCV x2  
  97  9:54  Refinery  
  97  9:57  Refinery  
  97  10:03  SCV x2  
  99  10:11  Siege Tank  
  106  10:14  Raven, Hellion x2  
  106  10:15  Viking x2, SCV  
  106  10:16  SCV  
  106  10:19  SCV  
  115  10:27  SCV  
  115  10:28  SCV  
  117  10:33  SCV  
  118  10:39  Missile Turret, SCV  
  118  10:40  SCV  
  118  10:42  Hellion x2  
  124  10:44  Factory  
  124  10:45  Infernal Pre-Igniter  
  124  10:51  Factory  
  124  10:53  Viking x2  
  124  10:57  SCV  
  112  11:19  Raven  
  112  11:20  Siege Tank  
  115  11:34  Hellion x2  
  115  11:35  SCV  
  115  11:37  Factory Tech Lab x2  
  120  11:41  Viking  
  120  11:52  Siege Tank  
  117  11:55  Viking  
  117  11:57  SCV  
  120  12:01  Siege Tank  
  120  12:02  Terran Vehicle Weapons Level 3, Siege Tank, Hellion x2  
  120  12:05  SCV  
  120  12:06  Planetary Fortress  
  131  12:08  SCV  
  131  12:09  SCV  
  133  12:17  SCV  
  133  12:20  SCV  
  135  12:23  Hellion  
  135  12:24  Hellion  
  135  12:25  Hellion  
  141  12:31  Raven  
  141  12:32  Viking x2  
  141  12:33  Siege Tank  
  141  12:35  Hellion  
  152  12:40  Missile Turret  
  152  12:41  Missile Turret  
  152  12:42  Missile Turret x2, Supply Depot x3  
  152  12:50  SCV  
  151  13:09  Siege Tank, Hellion x2  
  151  13:10  Liberator x2, Hellion x2  
  160  13:16  Factory  
  156  13:31  Siege Tank, Hellion x2  
  168  13:55  Command Center  
  168  13:56  Siege Tank  
  168  13:57  Hellion  
  168  13:58  Hellion, Thor  
  168  14:02  Factory  
  181  14:03  Missile Turret x2  
  181  14:04  Missile Turret x2, Factory  
  181  14:06  Missile Turret  
  181  14:07  Liberator x2  
  153  14:21  Siege Tank, Hellion  
  153  14:22  Hellion  
  143  14:28  Siege Tank  
  152  14:41  Siege Tank  
  152  14:43  Hellion  
  153  14:52  Factory Reactor  
  153  14:53  Siege Tank, Factory Reactor  
  156  15:00  Siege Tank  
  156  15:01  Command Center  
  156  15:05  Supply Depot  
  156  15:06  Supply Depot  
  159  15:13  Liberator  
  133  15:31  Siege Tank x2, Liberator x2  
  133  15:32  Hellion x2  
  133  15:35  Siege Tank  
  146  15:36  Hellion x4  
  160  16:01  Refinery  
  160  16:03  Siege Tank x2  
  166  16:06  Hellion x6  
  166  16:07  Siege Tank  
  181  16:14  Refinery  
  181  16:18  Missile Turret  
  173  16:27  Hellion x2  
  173  16:31  Orbital Command  
Tags
 
Add a new tag
Caveats
  • Supply blocks, unpowered buildings, or Contaminate may cause inaccurate times.
  • Supply counts are checked every 10 seconds.